 Dungeon Sprint DCSS version 0.29-a0-512-gf59ac788ac (webtiles) character file.

Game seed: 1017221050137749515

3700 mhtbhm the Grappler (level 9, 0/83 HPs)
             Began as a Troll Transmuter on May 30, 2022.
             Was an Initiate of Gozag.
             Killed from afar by a lindwurm (30 damage)
             ... with a blast of flame
             ... in the Dungeon (Sprint I: "Red Sonja").
             The game lasted 00:03:10 (1461 turns).

mhtbhm the Grappler (Troll Transmuter)              Turns: 1461, Time: 00:03:12

Health: 0/83       AC:  4    Str: 19 (20) XL:     9   Next: 91%
Magic:  17/18      EV: 12    Int: 11      God:    Gozag
Gold:   1510       SH:  0    Dex: 10      Spells: 11/21 levels left

rFire   . . .      SeeInvis .     - Unarmed
rCold   . . .      Faith    .   (no shield)
rNeg    . . .      Spirit   .   a - +0 robe
rPois   .          Reflect  .   (helmet currently unavailable)
rElec   .          Harm     .   (no cloak)
rCorr   .          Rampage  .   (gloves unavailable)
Will    .....      NoTele   +   (boots unavailable)
Stlth   +.........              (no amulet)
HPRegen 1.03/turn               (no ring)
MPRegen 0.16/turn               (no ring)

@: appendages (expiring), wereblooded
A: horns 2, talons 2, large, unfitting armour, claws 3, regeneration 1, shaggy
fur 1, tough skin 1, deterioration 1, dopey 1
a: End Transformation, Renounce Religion, Potion Petition, Call Merchant, Bribe
Branch


You were in the Dungeon.
You worshipped Gozag.
Gozag was most pleased with you.
You had temporarily grown beastly horns and talons.
You visited 1 branch You collected 1510 gold pieces.

Inventory:

Missiles
 i - 3 curare-tipped darts (quivered)
 k - 4 boomerangs
Armour
 a - a +0 robe (worn)
Wands
 g - a wand of iceblast (3)
Scrolls
 h - a scroll of blinking
 l - 2 scrolls of enchant weapon {unknown}
 m - 2 scrolls of summoning {unknown}
 n - a scroll of identify {unknown}
Potions
 b - a potion of lignification
 d - a potion of heal wounds
 e - a potion of haste
 f - 3 potions of magic
 j - 3 potions of curing


   Skills:
 + Level 3.5 Fighting
 + Level 2.0 Throwing
 + Level 7.9 Dodging
 + Level 0.6 Stealth
 + Level 14.6 Unarmed Combat
 + Level 6.8 Spellcasting
 + Level 7.6 Transmutations
 + Level 2.5 Ice Magic
 + Level 0.6 Poison Magic
 + Level 1.2 Evocations


You had 11 spell levels left.
You knew the following spells:

 Your Spells              Type           Power      Damage    Failure   Level
a - Beastly Appendage     Tmut           40%        N/A       1%          1
b - Wereblood             Tmut           20%        N/A       1%          2
c - Spider Form           Tmut/Pois      12%        N/A       10%         3
d - Ice Form              Ice/Tmut       15%        N/A       22%         4

Your spell library contained the following spells:

 Spells                   Type           Power      Damage    Failure   Level
 Dazzling Flash           Conj/Hex       6%         N/A       47%         3
 Agony                    Necr           3%         N/A       99%         5
 Silence                  Hex/Air        1%         N/A       99%         5


Dungeon Overview and Level Annotations

Branches:
Dungeon (1/1)

Altars:
Cheibriados
Dithmenos
Elyvilon
Fedhas
Gozag
Hepliaklqana
Kikubaaqudgha
Makhleb
Nemelex Xobeh
Okawaru
Qazlal
Ru
Sif Muna
Trog
Uskayaw
Vehumet
Wu Jian
Xom
Yredelemnul
Zin
The Shining One
Jiyva
Lugonu

Shops:
D [[[


Innate Abilities, Weirdness & Mutations

You have temporarily grown beastly horns and talons.
You are too large for most types of armour.
You have claws for hands.
Your natural rate of healing is unusually fast.
You are covered in fur. (AC +1)
You have tough skin. (AC +1)
Your body sometimes deteriorates upon taking damage.
You are dopey. (Int -2)


Message History

Confirm with . or Enter, or press ? or * to list all spells.
You grow a pair of large bovine horns.
Your feet morph into talons.
Casting: Beastly Appendage (safe; 1% risk of failure)
Confirm with . or Enter, or press ? or * to list all spells.
Your blood is infused with primal strength.
You open the door.
Found 54 gold pieces.
Found 27 gold pieces.
There is an open door here.
Unknown command.
Found 27 gold pieces.
You now have 1483 gold pieces (gained 27).
You now have 1510 gold pieces (gained 27).
Found 27 gold pieces.
A lindwurm comes into view.
You see here 27 gold pieces.
The lindwurm roars!
The lindwurm breathes flames at you. The blast of flame hits you!!
Your body deteriorates!
You feel weakened.
You see here 27 gold pieces.
The lindwurm closely misses you. The lindwurm claws you!
The lindwurm claws you.
You see here 27 gold pieces.
You scratch the lindwurm. Your kick misses the lindwurm.
The lindwurm is lightly wounded.
The lindwurm bites you!
* * * LOW HITPOINT WARNING * * *
The lindwurm claws you!
* * * LOW HITPOINT WARNING * * *
The lindwurm claws you but does no damage.
You feel much better. The lindwurm bites you! The lindwurm barely misses you.
The lindwurm claws you.
You scratch the lindwurm. You claw the lindwurm.
The lindwurm is lightly wounded.
Your transformation is almost over.
The lindwurm breathes flames at you. The blast of flame hits you!!
You die...
Your body crumbles into a pile of gold.

###################
#__#..'.).#(.#§§@k+
$ $
'..'..#.).##'#§####
$ $
#__####...'.§#.# $
####$ #####..'.# $
$ $ # $$##+#### $
$$$ + #..°°.# $ $ #
$$#...°°+ $$$ $
##+### ###.○°# $
#.)..### $#...# $


You could see a lindwurm (catching breath).

Vanquished Creatures
  Sonja (D)
  A deep troll (D)
  A gargoyle (D)
  2 kobold demonologists (D)
  4 demonic crawlers (D)
  A slime creature (D)
  Sigmund (D)
  A yak (D)
  A floating eye (D)
  An ogre (D)
  A jelly (D)
  Ijyb (D)
16 creatures vanquished.

Vanquished Creatures (others)
  2 ballistomycete spores (D)
2 creatures vanquished.

Grand Total: 18 creatures vanquished

Notes
Turn   | Place    | Note
-------+----------+-------------------------------------------
     0 | D        | mhtbhm the Troll Transmuter began the quest for the Orb.
     0 | D        | Reached XP level 1. HP: 18/18 MP: 1/1
     3 | D        | Noticed Ijyb
     9 | D        | Killed Ijyb
    10 | D        | Reached skill level 5 in Unarmed Combat
    10 | D        | Reached XP level 2. HP: 26/26 MP: 0/4
    49 | D        | Learned a level 2 spell: Wereblood
    52 | D        | Noticed an ogre
    55 | D        | Killed an ogre
    56 | D        | Reached skill level 7 in Unarmed Combat
    56 | D        | Reached XP level 3. HP: 32/32 MP: 0/6
    56 | D        | Reached XP level 4. HP: 40/40 MP: 0/7
    59 | D        | Noticed Sigmund
    69 | D        | Killed Sigmund
    70 | D        | Reached skill level 9 in Unarmed Combat
    70 | D        | Reached XP level 5. HP: 46/46 MP: 0/9
    70 | D        | Reached XP level 6. HP: 54/54 MP: 0/10
   161 | D        | Found a burning altar of Makhleb.
   161 | D        | Found a viscous altar of Jiyva.
   161 | D        | Found a shimmering altar of Xom.
   161 | D        | Found a corrupted altar of Lugonu.
   161 | D        | Noticed a slime creature
   167 | D        | Killed a slime creature
   168 | D        | Reached skill level 1 in Fighting
   168 | D        | Reached skill level 10 in Unarmed Combat
   168 | D        | Found an ornate altar of the Wu Jian Council.
   168 | D        | Found a shimmering blue altar of Sif Muna.
   170 | D        | Found a radiant altar of Vehumet.
   214 | D        | Learned a level 3 spell: Spider Form
   219 | D        | Learned a level 4 spell: Ice Form
   445 | D        | Found Mub Wion's Antique Armour Emporium.
   445 | D        | Found an ancient bone altar of Kikubaaqudgha.
   445 | D        | Found a hazy altar of Hepliaklqana.
   445 | D        | Found a stormy altar of Qazlal.
   445 | D        | Found a hide-covered altar of Uskayaw.
   445 | D        | Found a blossoming altar of Fedhas.
   445 | D        | Found a bloodstained altar of Trog.
   445 | D        | Found an iron altar of Okawaru.
   445 | D        | Found a basalt altar of Yredelemnul.
   445 | D        | Found a glowing golden altar of the Shining One.
   445 | D        | Found a snail-covered altar of Cheibriados.
   445 | D        | Found a sacrificial altar of Ru.
   445 | D        | Found a glowing silver altar of Zin.
   445 | D        | Found a shadowy altar of Dithmenos.
   445 | D        | Found a white marble altar of Elyvilon.
   445 | D        | Noticed a yak
   449 | D        | Killed a yak
   450 | D        | Reached skill level 5 in Dodging
   450 | D        | Reached skill level 11 in Unarmed Combat
   450 | D        | Reached XP level 7. HP: 62/62 MP: 5/13
   451 | D        | Noticed Sonja
   454 | D        | Killed Sonja
   455 | D        | Reached skill level 12 in Unarmed Combat
   455 | D        | Reached skill level 5 in Spellcasting
   455 | D        | Reached skill level 5 in Transmutations
   455 | D        | Reached skill level 1 in Ice Magic
   455 | D        | Reached XP level 8. HP: 63/72 MP: 6/15
   459 | D        | Found an opulent altar of Gozag.
   460 | D        | Found a sparkling altar of Nemelex Xobeh.
   540 | D        | Found Hocoef's Antique Armour Boutique.
   696 | D        | Noticed a deep troll
   706 | D        | Killed a deep troll
   707 | D        | Reached skill level 13 in Unarmed Combat
   721 | D        | Found Qaaq's Armour Emporium.
  1032 | D        | Noticed a kobold demonologist
  1032 | D        | Noticed a kobold demonologist
  1033 | D        | Gained mutation: You are dopey. (Int -2) [a neqoxec]
  1033 | D        | Paralysed by a floating eye for 2 turns
  1037 | D        | Gained mutation: Your body sometimes deteriorates upon
                  | taking damage. [a neqoxec]
  1038 | D        | Killed a kobold demonologist
  1039 | D        | Reached skill level 1 in Throwing
  1039 | D        | Reached skill level 1 in Evocations
  1039 | D        | Reached XP level 9. HP: 80/80 MP: 10/17
  1042 | D        | Killed a kobold demonologist
  1124 | D        | Became a worshipper of Gozag Ym Sagoz the Greedy
  1154 | D        | Noticed a demonic crawler
  1154 | D        | Noticed a demonic crawler
  1154 | D        | Noticed a demonic crawler
  1154 | D        | Noticed a demonic crawler
  1158 | D        | Killed a demonic crawler
  1159 | D        | Reached skill level 14 in Unarmed Combat
  1160 | D        | Killed a demonic crawler
  1164 | D        | Killed a demonic crawler
  1166 | D        | Killed a demonic crawler
  1211 | D        | Noticed a gargoyle
  1218 | D        | Killed a gargoyle
  1457 | D        | Noticed a lindwurm
  1461 | D        | Killed from afar by a lindwurm

Illustrated notes

Levels and vault maps discovered:
D:        dungeon_sprint_1 [red_sonja_temple_1, red_sonja_temple_small_1]

Skill      XL: |  1  2  3  4  5  6  7  8  9 |
---------------+----------------------------+-----
Dodging        | 2 3 4 5 6 7 |  7.9
Unarmed Combat | 5 7 9 11 12 13 14 | 14.6
Spellcasting   | 2 3 4 5 6 |  6.8
Transmutations | 2 3 4 5 6 7 |  7.6
Fighting       | 1 2 3 |  3.5
Ice Magic      | 1 2 |  2.5
Throwing       | 1 2 |  2.0
Evocations     | 1 |  1.2
Stealth        | |  0.6
Poison Magic   | |  0.6

Action                   |  1- 3 |  4- 6 |  7- 9 || total
-------------------------+-------+-------+-------++-------
Melee: Unarmed           |     7 |    15 |    29 ||    51
       Kick              |     3 |     2 |     1 ||     6
       Headbutt          |     1 |     2 |       ||     3
       Punch             |       |     1 |       ||     1
Throw: Dart              |       |       |     3 ||     3
 Cast: Beastly Appendage |     2 |     2 |     1 ||     5
       Wereblood         |     1 |     1 |     3 ||     5
       Ice Form          |       |     2 |     3 ||     5
       Spider Form       |       |       |     1 ||     1
Evoke: Wand              |     1 |     1 |       ||     2
  Use: Potion            |     1 |     1 |     2 ||     4
Armor: Robe              |       |     1 |     1 ||     2
       Skin              |       |     1 |     4 ||     5
Dodge: Dodged            |     2 |     4 |    18 ||    24

Table legend: (Time is in decaauts)
 A = Elapsed time spent in this place.
 B = Non-inter-level travel time spent in this place.
 C = Inter-level travel time spent in this place.
 D = Time resting spent in this place.
 E = Time spent auto-exploring this place.
 F = Levels seen in this place.
 G = Mean time per level.
                   A        B        C        D        E       F      G
               +--------+--------+--------+--------+--------+-----+--------+
         Total |   1465 |   1465 |      0 |    929 |      0 |   1 | 1465.0 |
       Dungeon |   1465 |   1465 |      0 |    929 |      0 |   1 | 1465.0 |
               +--------+--------+--------+--------+--------+-----+--------+

Top non-repeatable levels by time:
       D: 1465 daAuts
